 Dungeon Crawl Stone Soup version 0.31-a0-963-ga325b2283a (webtiles) character file.

Game seed: 8933374459001049536

12 Brandom the Trooper (level 2, -6/27 HPs)
             Began as a Minotaur Monk on Oct 6, 2023.
             Mangled by a worm (7 damage)
             ... on level 2 of the Dungeon on Jan 23, 2024.
             The game lasted 00:02:35 (677 turns).

Brandom the Trooper (Minotaur Monk)                  Turns: 677, Time: 00:02:35

Health: -6/27      AC:  3    Str: 15    XL:     2   Next: 20%
Magic:  1/1        EV: 12    Int:  7    God:
Gold:   16         SH:  0    Dex: 12    Spells: 1/1 levels left

rFire   . . .        a - +0 mace
rCold   . . .        d - orb {light}
rNeg    . . .        e - +0 leather armour
rPois   .            (helmet restricted)
rElec   .            (no cloak)
rCorr   .            (no gloves)
SInv    .            (no boots)
Will    .....        (no amulet)
Stlth   +            (no ring)
HPRegen 0.24/turn    (no ring)
MPRegen 0.07/turn

%: no passive effects
@: glowing
A: horns 2, retaliatory headbutt
a: no special abilities


You were on level 2 of the Dungeon.
You visited 1 branch of the dungeon, and saw 2 of its levels.

You collected 16 gold pieces.

Inventory:

Hand Weapons
 a - a +0 mace (weapon)
Armour
 b - a +0 robe
 d - an orb of light (worn)
 e - a +0 leather armour (worn)
   (You found it on level 1 of the Dungeon)
Scrolls
 g - a scroll of enchant armour {unknown}
 h - 2 scrolls of poison {unknown}
 i - a scroll of identify {unknown}
Potions
 c - a potion of ambrosia
 f - a potion of attraction {unknown}
 j - a potion of degeneration {unknown}


   Skills:
 * Level 4.1 Fighting
 + Level 3.8 Maces & Flails
 + Level 3.5 Dodging


You had one spell level left.
You didn't know any spells.
Your spell library was empty.

Dungeon Overview and Level Annotations

Branches:
Dungeon (2/15)

Altars:


Innate Abilities, Weirdness & Mutations

You have a pair of horns on your head.
You reflexively headbutt those who attack you in melee.


Message History

You kill the hobgoblin!
You see here a hobgoblin corpse.
You see here a +0 short sword.
You now have 16 gold pieces.
You see here a +0 shortbow.
There is a stone staircase leading down here.
You climb downwards.
There is a stone staircase leading up here.
A worm and a dart slug come into view.
Found a stone staircase leading down.
The dart slug launches a dart at you. The slug dart misses you.
You open the door. The dart slug launches a dart at you.
The slug dart hits you. The worm bites you!
The dart slug attacks as it pursues you!
The dart slug bites you but does no damage.
The worm bites you. The dart slug barely misses you.
The dart slug launches a dart at you.
The slug dart hits you but does no damage.
The worm barely misses you. You furiously retaliate!
You headbutt the worm!
The dart slug bites you but does no damage.
The worm misses you. The dart slug closely misses you. The worm bites you.
* * * LOW HITPOINT WARNING * * *
The dart slug closely misses you. The worm bites you.
* * * LOW HITPOINT WARNING * * *
The dart slug bites you.
* * * LOW HITPOINT WARNING * * *
The worm misses you. The dart slug barely misses you.
Unknown command.
The worm barely misses you. The dart slug closely misses you.
The dart slug barely misses you. The worm closely misses you.
The dart slug barely misses you. The worm completely misses you.
The dart slug bites you but does no damage.
The worm closely misses you. The dart slug bites you.
* * * LOW HITPOINT WARNING * * *
The worm barely misses you. The dart slug closely misses you.
You furiously retaliate!
You headbutt the dart slug! The worm bites you.
* * * LOW HITPOINT WARNING * * *
The dart slug bites you.
* * * LOW HITPOINT WARNING * * *
The worm bites you!
You die...

########
#......#
#......#####
#.....>....
#........
#......#
#....@.###.#
#....ww'...#
#......#####
######...#
#...#
####...#
#......#
##.##..#
#^..<.#


You could see a worm and a dart slug.

Vanquished Creatures
  A bat (D:1)
  An endoplasm (D:1)
  A giant cockroach (D:1)
  2 goblins (D:1)
  2 hobgoblins (D:1)
  3 ball pythons (D:1)
  A frilled lizard (D:1)
  A kobold (D:1)
12 creatures vanquished.

Notes
Turn   | Place    | Note
-------+----------+-------------------------------------------
     0 | D:1      | Brandom the Minotaur Monk began the quest for the Orb.
     0 | D:1      | Reached XP level 1. HP: 19/19 MP: 0/0
   363 | D:1      | Reached skill level 4 in Fighting
   363 | D:1      | Reached XP level 2. HP: 27/27 MP: 1/1
   366 | D:1      | Upgraded the game from 0.31-a0-851-g7ff8af7976 to
                  | 0.31-a0-963-ga325b2283a
   676 | D:2      | HP: 1/27 [dart slug (1)]
   677 | D:2      | Mangled by a worm

Illustrated notes

Levels and vault maps discovered:
D:1:      elethiomel_arrival_shortcut, layout_loops_cross
D:2:      layout_basic

Skill      XL: |  1 |
---------------+----+-----
Fighting       | 4 |  4.1
Maces & Flails | |  3.8
Dodging        | |  3.5

Action                     || total
---------------------------++-------
  Melee: Mace              ||    16
         Headbutt          ||     2
 Armour: Leather armour    ||    17
         Robe              ||     3
  Dodge: Dodged            ||    31

Table legend: (Time is in decaauts)
 A = Elapsed time spent in this place.
 B = Non-inter-level travel time spent in this place.
 C = Inter-level travel time spent in this place.
 D = Time resting spent in this place.
 E = Time spent auto-exploring this place.
 F = Levels seen in this place.
 G = Mean time per level.
                   A        B        C        D        E       F      G
               +--------+--------+--------+--------+--------+-----+--------+
         Total |    680 |    631 |     49 |    200 |    298 |   2 |  340.0 |
       Dungeon |    680 |    631 |     49 |    200 |    298 |   2 |  340.0 |
               +--------+--------+--------+--------+--------+-----+--------+

Top non-repeatable levels by time:
     D:1: 650 daAuts
     D:2: 29 daAuts
